 Dungeon Crawl Stone Soup version 0.28.0-45-g0d030f2227 (webtiles) character file.

Game seed: 1495046428024909047

65 101zpm the Covert (level 3, 0/28 HPs)
             Began as a Vampire Delver on Apr 20, 2022.
             Was an Initiate of Dithmenos.
             Hit by a goblin thrown by Robin (2 damage)
             ... on level 2 of the Dungeon.
             The game lasted 00:09:24 (2157 turns).

101zpm the Covert (Vampire Delver)                  Turns: 2157, Time: 00:09:24

Health: 0/28       AC:  7    Str: 11    XL:     3   Next: 92%
Magic:  3/3        EV: 12    Int: 12    God:    Dithmenos [......]
Gold:   65         SH:  0    Dex: 17    Spells: 2/2 levels left

rFire   . . .      SeeInvis +     - Unarmed
rCold   . . .      Faith    .   (no shield)
rNeg    . . .      Spirit   .   a - +0 leather armour
rPois   .          Reflect  .   j - +0 helmet
rElec   .          Harm     .   (no cloak)
rCorr   .          Rampage  .   l - +1 pair of gloves
Will    .....                   i - +0 pair of boots
Stlth   ++++......              (no amulet)
HPRegen 0.29/turn               (no ring)
MPRegen 0.08/turn               (no ring)

@: healing quickly
A: alive, fangs 3, see invisible, vampiric 2
a: Exsanguinate, Renounce Religion


You were on level 2 of the Dungeon.
You worshipped Dithmenos.
Dithmenos was noncommittal.
You visited 2 branches of the dungeon, and saw 7 of its levels.

You collected 65 gold pieces.

Inventory:

Hand Weapons
 h - a +0 whip
Armour
 a - a +0 leather armour (worn)
 i - a +0 pair of boots (worn)
 j - a +0 helmet (worn)
 l - a +1 pair of gloves (worn)
Wands
 f - a wand of digging (3)
 g - a wand of acid (7)
Scrolls
 b - a scroll of fog
 c - a scroll of magic mapping
 d - 2 scrolls of fear
 k - a scroll of noise {unknown}
 m - a scroll of amnesia {unknown}
 o - a scroll of holy word {unknown}
 q - a scroll of immolation {unknown}
 r - a scroll of identify {unknown}
Potions
 e - a potion of haste
 n - a potion of flight {unknown}
 p - a potion of curing {unknown}


   Skills:
 + Level 2.9 Fighting
 + Level 0.6 Armour
 + Level 2.6 Dodging
 + Level 8.2 Stealth
 + Level 3.0 Unarmed Combat


You had 2 spell levels left.
You didn't know any spells.
Your spell library was empty.

Dungeon Overview and Level Annotations

Branches:
Dungeon (7/15)             Temple (1/1) D:7

Altars:
Ashenzari
Cheibriados
Dithmenos
Elyvilon
Fedhas
Gozag
Hepliaklqana
Kikubaaqudgha
Makhleb
Nemelex Xobeh
Okawaru
Ru
Trog
Uskayaw
Vehumet
Wu Jian
Xom
Yredelemnul
Zin

Annotations:
D:2 Robin
D:5 Blork the orc


Innate Abilities, Weirdness & Mutations

Your natural rate of healing is accelerated.
You have razor-sharp teeth.
You have supernaturally acute eyesight. (SInv)
You are afflicted with vampirism and can become a bat while bloodless.


Message History

A hobgoblin comes into view.
A goblin comes into view.
It is wielding a +0 dagger. 2 goblins come into view.
The goblin shouts! x2
You hit the hobgoblin. You bite the hobgoblin.
You kill the hobgoblin!
Dithmenos accepts your kill.
You hear a shout!
Robin throws the goblin at you!
A goblin comes into view. It is wielding a +0 dagger.
You hit the goblin but do no damage. Your bite misses the goblin.
A hobgoblin comes into view.
A goblin comes into view. It is wielding a +0 club.
The goblin hits you but does no damage. Robin throws the goblin at you!
The goblin misses you. The goblin hits you with a +0 dagger.
The goblin hits you with a +0 club. The goblin hits you with a +0 club.
Robin throws the goblin at you! The goblin hits you with a +0 dagger.
* * * LOW HITPOINT WARNING * * *
The rat bites you.
* * * LOW HITPOINT WARNING * * *
The goblin barely misses you.
The goblin enters a dispersal trap!
The rat blinks!
The goblin blinks! x2; The kobold blinks!
The goblin blinks! x2
Robin blinks!
The hobgoblin blinks! x2; The goblin blinks! x3
The kobold blinks!
The hobgoblin blinks!
You blink.
The goblin blinks!
The rat enters a dispersal trap!
Robin blinks!
The goblin blinks! x3
The kobold blinks!
Robin blinks!
The goblin blinks! x2; Robin blinks!
The goblin blinks!
You blink.
The rat blinks!
The goblin hits you with a +0 dagger.
* * * LOW HITPOINT WARNING * * *
The goblin hits you but does no damage.
Robin says, "Kneel, worm!"
The goblin unwields a +0 dagger.
The goblin wields a +0 hunting sling.
The goblin shoots a stone.
The stone hits you but does no damage.
The goblin shoots a stone.
The stone closely misses you. Robin throws the goblin at you!
The goblin unwields a +0 hunting sling.
The goblin wields a +0 dagger.
The goblin hits you with a +0 dagger.
* * * LOW HITPOINT WARNING * * *
Robin throws the goblin at you!
You die...

### .. #######.#
#.....#.##########
##.....#..gg...@..#.#
#....>.........gg......
#§........K............
#.........#######.#.###
#.......r.# .# #
#g........#######.#
#.§...r...##......#
#.........##.$....#
####.
#.......^.##......#
....#.######


You could see Robin, a hobgoblin (strong), 2 goblins, a kobold and a rat.

Vanquished Creatures
  Terence (D:2)
  An adder (D:5)
  A white imp (D:5)
  A worm (D:2)
  2 dart slugs (D:2)
  2 orcs (D:3)
  2 ball pythons
  2 endoplasms
  A giant cockroach (D:2)
  2 hobgoblins (D:2)
  A quokka (D:2)
  2 bats (D:2)
  A kobold (D:2)
  A rat (D:2)
20 creatures vanquished.

Notes
Turn   | Place    | Note
-------+----------+-------------------------------------------
     0 | D:5      | 101zpm the Vampire Delver began the quest for the Orb.
     0 | D:5      | Reached XP level 1. HP: 17/17 MP: 1/1
     4 | D:5      | Noticed Blork the orc
    26 | D:7      | Found a staircase to the Ecumenical Temple.
    34 | Temple   | Entered the Ecumenical Temple
   159 | Temple   | Became a worshipper of Dithmenos the Shadowed
   235 | D:7      | Noticed an orc warrior
   236 | D:7      | Noticed an orc wizard
   236 | D:7      | Noticed an orc wizard
   353 | D:6      | Noticed a gnoll shaman
   442 | D:7      | Noticed a centaur
   618 | D:5      | Reached XP level 2. HP: 16/23 MP: 2/2
   794 | D:5      | Found a bloodstained altar of Trog.
  1879 | D:2      | Reached skill level 8 in Stealth
  1884 | D:2      | Gained mutation: You are afflicted with vampirism and can
                  | become a bat while bloodless. [Vampire growth]
  1884 | D:2      | Reached XP level 3. HP: 27/28 MP: 3/3
  2100 | D:2      | Noticed Terence
  2133 | D:2      | Killed Terence
  2140 | D:2      | Noticed Robin
  2155 | D:2      | HP: 1/28 [goblin/+0 dagger[Robin] (3)]
  2157 | D:2      | Hit by a goblin thrown by Robin

Illustrated notes

Levels and vault maps discovered:
D:2:      kennysheep_big_flooded_room, layout_basic, minmay_nonomino_d4,
          uniq_robin, uniq_terence, uniq_jessica, uniq_natasha
D:3:      layout_basic, gammafunk_temple_overflow_wave, grunt_decor_fettered,
          dk_noncrumbling_3, nrook_mini_vaults, grunt_ministairs_12,
          due_unseen_surprise
D:4:      layout_loops_ring, serial_bayou_pond_a, serial_bayou_pond_e,
          eino_small_chamber_without_monster
D:5:      layout_layer_cave, lemuel_crystal_altar, hangedman_glass_teeth,
          uniq_blork_the_orc
D:6:      layout_loops_corners, grunt_ministairs_15
D:7:      layout_rooms, minmay_temple_entry_overgrown, uniq_joseph
Temple:   mainiacjoe_temple_coin_purse

Skill      XL: |  1  2  3 |
---------------+----------+-----
Stealth        | 8 |  8.2
Unarmed Combat | 3 |  3.0
Fighting       | |  2.9
Armour         | |  0.6
Dodging        | |  2.6

Action                   || total
-------------------------++-------
Melee: Whip              ||     5
       Unarmed           ||    95
       Bite              ||    15
       Punch             ||     4
 Stab: Sleeping          ||     5
Armor: Leather armour    ||    31
Dodge: Dodged            ||    63
